 Dungeon Crawl Stone Soup version 0.31-a0-977-gc230f8ef24 (webtiles) character file.

Game seed: 5258872765951411809

581 Dirtsage the Ruffian (level 7, -7/46 HPs)
             Began as an Octopode Shapeshifter on Oct 29, 2023.
             Mangled by a centaur
             ... wielding a +0 spear
              (11 damage)
             ... on level 4 of the Dungeon.
             The game lasted 00:08:56 (3449 turns).

Dirtsage the Ruffian (Octopode Shapeshifter)        Turns: 3449, Time: 00:08:57

Health: -7/46      AC:  1    Str: 14    XL:     7   Next: 36%
Magic:  7/7        EV: 13    Int: 12    God:
Gold:   56         SH:  0    Dex: 13    Spells: 6/6 levels left

rFire   . .          .
                       - Unarmed
rCold   . . .        (no shield)
rNeg    . . .        (helmet currently unavailable)
rPois   .            (no amulet)
rElec   .            C - ring of resist corrosion
rCorr   +            (no ring)
SInv    .            (no ring)
Will    .....        (no ring)
Stlth   ++           (no ring)
HPRegen 0.27/turn    (no ring)
MPRegen 0.10/turn    (no ring)
                     (no ring)

%: no passive effects
@: beast-form, studying Shields
A: beast (slay +3), almost no armour, amphibious, 8 rings, camouflage 1,
gelatinous body 1, (nimble swimmer 1), tentacles
a: Begin Untransformation


You were on level 4 of the Dungeon.
You were a hulking beast.
You visited 1 branch of the dungeon, and saw 5 of its levels.

You collected 160 gold pieces.
You spent 104 gold pieces at shops.

Inventory:

Magical Staves
 n - a staff of earth
Jewellery
 C - a ring of resist corrosion (left tentacle)
Talismans
 b - a beast talisman
 c - a flux talisman
 m - a serpent talisman
Wands
 d - a wand of flame (19)
Scrolls
 e - 3 scrolls of blinking {unknown}
 f - a scroll of torment
 g - a scroll of fear
 k - a scroll of poison {unknown}
 t - a scroll of teleportation
Potions
 a - a potion of lignification
 h - a potion of ambrosia {unknown}
 i - a potion of degeneration {unknown}
 j - a potion of enlightenment {unknown}
 q - a potion of curing


   Skills:
 + Level 3.3 Fighting
 - Level 2.0 Dodging
 * Level 5.7 Unarmed Combat
 * Level 5.3 Shapeshifting


You had 6 spell levels left.
You didn't know any spells.
Your spell library contained the following spells:

 Spells                   Type           Power      Damage    Failure   Level
 Ensorcelled Hibernation  Hex/Ice        0%         N/A       45%         2
 Passwall                 Tmut/Erth      0%         N/A       45%         2
 Inner Flame              Hex/Fire       0%         N/A       69%         3
 Summon Guardian Golem    Hex/Summ       0%         N/A       69%         3
 Swiftness                Air            0%         N/A       69%         3
 Yara's Violent Unravell  Hex/Tmut       0%         3d3       100%        5
 Enfeeble                 Hex            0%         N/A       100%        7
 Orb of Destruction       Conj           0%         9d5       100%        7
 Spellforged Servitor     Conj/Summ      0%         N/A       100%        7


Dungeon Overview and Level Annotations

Branches:
Dungeon (5/15)
 Temple: D:4-7

Altars:
Zin

Shops:
D:1 *   D:3 (!   D:4 !


Innate Abilities, Weirdness & Mutations

You are a hulking beast.
Your limbs bulge with bestial killing power. (Slay +3)
You cannot wear most types of armour.
You are amphibious.
You can wear up to eight rings at the same time.
Your skin changes colour to match your surroundings (Stealth+).
Your rubbery body absorbs attacks. (AC +1, EV +1)
((You are camouflaged when in or above water. (Stealth+)))
You have tentacles for arms and can constrict up to eight enemies at once.


Message History

The centaur shoots an arrow.
The arrow hits you!
You take 15 damage, and have 31/46 hp.
MASSIVE DAMAGE!!
The centaur shoots an arrow.
The arrow hits you!
The centaur shoots an arrow.
The arrow hits you!
* * * LOW HITPOINT WARNING * * *
You take 26 damage, and have 5/46 hp.
MASSIVE DAMAGE!!
The centaur unwields a +0 orcbow.
The centaur wields a +0 spear.
The centaur hits you with a +0 spear.
* * * LOW HITPOINT WARNING * * *
The centaur kicks you.
* * * LOW HITPOINT WARNING * * *
You take 2 damage, and have 3/46 hp.
You feel much better. The centaur misses you. The centaur closely misses you.
An iguana comes into view.
The centaur closely misses you. The centaur misses you.
You regained 28 hp, and now have 31/46 hp.
The iguana hisses angrily.
You tentacle-slap the centaur but do no damage.
You squeeze the centaur.
The centaur is lightly wounded.
The centaur hits you with a +0 spear! The centaur misses you.
You take 8 damage, and have 23/46 hp.
You tentacle-slap the centaur.
The centaur is heavily wounded.
The centaur hits you with a +0 spear! The centaur barely misses you.
You take 9 damage, and have 14/46 hp.
You tentacle-slap the centaur but do no damage.
Your squeeze misses the centaur.
The centaur is heavily wounded.
The centaur hits you with a +0 spear.
* * * LOW HITPOINT WARNING * * *
The centaur closely misses you. The centaur hits you with a +0 spear.
* * * LOW HITPOINT WARNING * * *
The centaur kicks you.
* * * LOW HITPOINT WARNING * * *
You take 11 damage, and have 3/46 hp.
MASSIVE DAMAGE!!
You barely miss the centaur.
The centaur is heavily wounded.
The centaur hits you with a +0 spear!
You die...

#....... ..
##...###. #. #
##....# #. #.
#.###∩.#..# #.
#.#####.....##..#
#.
#..>.#####..##..#
#. #....#
##.....###.
#..c.# #.#...)...
#..h.#
####.##..###.
#....#
#........###.
#.[..#
#.#.###...##.
#....###...#
#...##.
#..l.#.....#
#......
#......#...#
#......
#......#...#
##...[.
#.####.....#
#..... ...
......# ##.....


You could see a centaur and an iguana.

Vanquished Creatures
  A black bear (D:5)
  A phantom (D:5)
  A scorpion (D:5)
  3 hounds (D:5)
  A jelly (D:5)
  An iguana (D:5)
  An orc wizard (D:4)
  3 gnolls (D:3)
  4 adders
  A shadow imp (D:5)
  2 ufetubi (D:5)
  2 worms
  4 dart slugs
  7 orcs
  11 endoplasms
  11 giant cockroaches
  3 goblins
  7 hobgoblins
  3 jackals (D:1)
  7 kobolds
  2 quokkas
  8 ball pythons
  5 bats
  5 frilled lizards
  2 rats (D:3)
96 creatures vanquished.

Notes
Turn   | Place    | Note
-------+----------+-------------------------------------------
     0 | D:1      | Dirtsage the Octopode Shapeshifter began the quest for the
                  | Orb.
     0 | D:1      | Reached XP level 1. HP: 13/13 MP: 1/1
    76 | D:1      | Found Gunuph's Assorted Antiques.
   174 | D:1      | Reached XP level 2. HP: 15/18 MP: 2/2
   444 | D:1      | Reached XP level 3. HP: 14/23 MP: 3/3
  1199 | D:2      | Reached XP level 4. HP: 28/29 MP: 4/4
  1463 | D:2      | Found a glowing silver altar of Zin.
  1644 | D:3      | Found Res Gus's Weapon Shoppe.
  1767 | D:3      | Found Kamireff's Distillery.
  1780 | D:3      | Bought a potion of curing for 39 gold pieces
  1780 | D:3      | Bought a potion of heal wounds for 65 gold pieces
  2176 | D:3      | Reached XP level 5. HP: 27/34 MP: 5/5
  2205 | D:4      | Noticed a centaur
  2444 | D:3      | You fall into a shaft and drop 2 floors!
  2444 | D:5      | Entered Level 5 of the Dungeon
  2558 | D:5      | Noticed a phantom
  2580 | D:5      | Killed a phantom
  2809 | D:5      | Reached XP level 6. HP: 41/41 MP: 6/6
  2846 | D:5      | Noticed a black bear
  2888 | D:5      | Killed a black bear
  2889 | D:5      | Reached skill level 5 in Unarmed Combat
  2984 | D:5      | Reached skill level 5 in Shapeshifting
  2999 | D:5      | Reached XP level 7. HP: 30/46 MP: 7/7
  3266 | D:4      | Found Yjeth's Distillery.
  3449 | D:4      | Mangled by a centaur

Illustrated notes

Levels and vault maps discovered:
D:1:      wander_arrival_estate, layout_basic, serial_shops,
          nicolae_lakefront_shop
D:2:      minmay_roachtagon, layout_rooms, basic_altar,
          minmay_misc_feat_pillars, st_stairs_11
D:3:      layout_basic, serial_shops, nicolae_shop_trees,
          nicolae_shop_tiny_real_fake_doors
D:4:      layout_rooms, serial_shops, shop, shop, kennysheep_generic_room_16
D:5:      layout_cave_pods, minmay_pentangle

Skill      XL: |  1  2  3  4  5  6 |
---------------+-------------------+-----
Fighting       | 2 3 |  3.3
Unarmed Combat | 4 5 |  5.7
Shapeshifting  | 4 5 |  5.3
Dodging        | |  2.0

Action                     |  1- 3 |  4- 6 |  7- 9 || total
---------------------------+-------+-------+-------++-------
  Melee: Unarmed           |    69 |    82 |    45 ||   196
         Constrict         |    15 |    20 |     9 ||    44
         Tentacles         |    16 |    15 |     3 ||    34
         Punch             |     2 |     1 |     2 ||     5
  Evoke: Wand              |       |     8 |       ||     8
    Use: Scroll            |       |     5 |       ||     5
         Potion            |       |       |     3 ||     3
   Stab: Sleeping          |     4 |     5 |       ||     9
 Armour: Skin              |    32 |    37 |    34 ||   103
  Dodge: Dodged            |    40 |    60 |    28 ||   128

Table legend: (Time is in decaauts)
 A = Elapsed time spent in this place.
 B = Non-inter-level travel time spent in this place.
 C = Inter-level travel time spent in this place.
 D = Time resting spent in this place.
 E = Time spent auto-exploring this place.
 F = Levels seen in this place.
 G = Mean time per level.
                   A        B        C        D        E       F      G
               +--------+--------+--------+--------+--------+-----+--------+
         Total |   3432 |   3352 |     80 |    183 |   2239 |   5 |  686.4 |
       Dungeon |   3432 |   3352 |     80 |    183 |   2239 |   5 |  686.4 |
               +--------+--------+--------+--------+--------+-----+--------+

Top non-repeatable levels by time:
     D:3: 1023 daAuts
     D:1: 840 daAuts
     D:2: 695 daAuts
     D:5: 571 daAuts
     D:4: 301 daAuts
